AoeStats
← maNIC

Arabia

509621886Analyzed
1v1 RM · 6d ago on Sep 27, 2026· 27m 38s· 2 players
Game mode
Random Map
Map size
Tiny (2 player)
Population
200
Speed
Normal
Resources
Standard
Victory
Conquest
Starting age
Dark Age
Ending age
Imperial Age
RankedLock teamsTeams togetherTeam positionsShared explorationLock speedFull tech treeHidden civsTurbo modeCheats
Victory
Defeat
🇹🇷 Sicilians · Türkiye
474
+19
🇨🇱 Celts · Chile
547
-19
maNIC
7:50 Loom
10:52 Feudal Age
12:49 Arson
15:36 Man-at-Arms
19:38 Double-Bit Axe
19:37 Horse Collar
24:12 Castle Age
25:36 Wheelbarrow
25:29 Husbandry
26:41 Pikeman
rojaslizama
3:51 Loom
9:05 Feudal Age
11:37 Double-Bit Axe
13:37 Man-at-Arms
17:08 Horse Collar
20:01 Arson
23:40 Forging
23:30 Scale Mail Armor
24:44 Fletching
24:55 Padded Archer Armor
Connection lost

Rejoining the realm…

Still unreachable

The connection could not be restored.

Session expired

The server has moved on; the page needs a fresh start.